 Dungeon Crawl Stone Soup version 0.21-a0-369-g397cdb2 (webtiles) character file.

1316 Hasart the Tainter (level 8, 0/46 HPs)
             Began as an Octopode Venom Mage on Oct 15, 2017.
             Was an Initiate of Gozag.
             Slain by a bullfrog skeleton (7 damage)
             ... on level 7 of the Dungeon.
             The game lasted 00:12:26 (7148 turns).

Hasart the Tainter (Octopode Venom Mage)            Turns: 7148, Time: 00:12:27

Health: 0/46       AC:  1    Str: 12    XL:     8   Next: 59%
Magic:  9/15       EV: 13    Int: 19    God:    Gozag
Gold:   258        SH:  0    Dex: 13    Spells: 7/17 levels left

rFire    . . .     SeeInvis .   x - +1 war axe (venom)
rCold    + . .     Gourm    .   (no shield)
rNeg     + . .     Faith    .   (helmet restricted)
rPois    .         Spirit   .   (no amulet)
rElec    .         Reflect  .   h - ring of stealth
rCorr    .         Harm     .   s - ring of protection from cold
MR       .....                  g - ring of positive energy
Stlth    ++++......             y - +5 ring of strength
HPRegen  0.15/turn              (no ring)
MPRegen  0.14/turn              (no ring)
                                (no ring)
                                (no ring)

@: gold aura, very slightly contaminated
A: almost no armour, stealthy swim, amphibious, 8 rings, constrict 8, camouflage
1, gelatinous body 1
a: Potion Petition, Call Merchant, Bribe Branch, Renounce Religion


You were on level 7 of the Dungeon.
You worshipped Gozag.
Gozag was aware of your devotion.
You were not hungry.

You visited 2 branches of the dungeon, and saw 8 of its levels.

You collected 304 gold pieces.
You paid 46 gold pieces to Gozag.

Inventory:

Hand Weapons
 m - a +1 spear of piercing
 u - a +0 rapier
 x - a +1 war axe of venom (weapon)
Jewellery
 g - a ring of positive energy (on tentacle)
 h - a ring of stealth (left tentacle)
 s - a ring of protection from cold (right tentacle)
 y - a +5 ring of strength (on tentacle)
Wands
 f - a wand of scattershot (3/9)
 l - a wand of disintegration (16/24)
 E - a wand of random effects (26/48)
 F - a wand of clouds (7/9)
Scrolls
 c - 6 scrolls of identify
 d - 2 scrolls of remove curse
 e - 2 scrolls of noise {unknown}
 j - 2 scrolls of fog {unknown}
 k - 4 scrolls of enchant armour
 n - a scroll of teleportation {unknown}
 r - a scroll of recharging {unknown}
 v - 3 scrolls of fear {unknown}
 A - a scroll of magic mapping {unknown}
 B - 3 scrolls of enchant weapon {unknown}
 G - a scroll of immolation {unknown}
Potions
 i - a potion of lignification {unknown}
 o - 2 potions of ambrosia {unknown}
 p - 5 potions of curing {unknown}
 q - 2 potions of haste {unknown}
 t - a potion of heal wounds {unknown}
 w - a potion of mutation {unknown}
 z - 4 potions of agility {unknown}
 C - 2 potions of might {unknown}
 D - a potion of flight {unknown}
Books
 a - a Young Poisoner's Handbook

   Spells                             Type                      Level
   a - Sting                          Conjuration/Poison           1
   b - Poisonous Vapours              Poison/Air                   2
   c - Mephitic Cloud                 Conjuration/Poison/Air       3
   d - Olgreb's Toxic Radiance        Poison                       4
   e - Venom Bolt                     Conjuration/Poison           5
 H - a book of Minor Magic

   Spells                             Type                      Level
   a - Magic Dart                     Conjuration                  1
   b - Blink                          Translocation                2
   c - Call Imp                       Summoning                    2
   d - Slow                           Hexes                        2
   e - Conjure Flame                  Conjuration/Fire             3
   f - Mephitic Cloud                 Conjuration/Poison/Air       3
Comestibles
 b - 5 bread rations


   Skills:
 - Level 2.0 Dodging
 - Level 2.6 Stealth
 + Level 5.0 Spellcasting
 + Level 5.0 Conjurations
 * Level 9.3 Poison Magic


You had 7 spell levels left.
You knew the following spells:

 Your Spells              Type           Power        Failure   Level  Hunger
a - Sting                 Conj/Pois      ####         1%          1    None
b - Poisonous Vapours     Pois/Air       ###...       2%          2    #......
c - Olgreb's Toxic Radia  Pois           #####...     2%          4    ####...
d - Mephitic Cloud        Conj/Pois/Air  ###.....     4%          3    ##.....


Dungeon Overview and Level Annotations

Branches:
Dungeon (7/15)             Temple (1/1) D:5

Altars:
Ashenzari
Cheibriados
Dithmenos
Elyvilon
Fedhas
Gozag
Hepliaklqana
Kikubaaqudgha
Makhleb
Nemelex Xobeh
Okawaru
Qazlal
Ru
Sif Muna
Trog
Uskayaw
Vehumet
Wu Jian
Xom
Yredelemnul
Zin
The Shining One

Annotations:
D:6 theanonym's ghost, novice SpAs


Innate Abilities, Weirdness & Mutations

You cannot wear most types of armour.
You are very stealthy in the water. (Stealth+)
You are amphibious.
You can wear up to eight rings at the same time.
You can use your tentacles to constrict eight enemies at once.
Your skin changes colour to match your surroundings (Stealth+).
Your rubbery body absorbs attacks. (AC +1, EV +1)


Message History

Unknown command.
You closely miss the bullfrog. Your grab misses the bullfrog.
The bullfrog is heavily wounded.
The bullfrog hits you.
* * * LOW HITPOINT WARNING * * *
The bullfrog hits you!
* * * LOW HITPOINT WARNING * * *
Unknown command.
You slash the bullfrog!
The bullfrog looks as sick as possible!
Your grab misses the bullfrog. You squeeze the bullfrog.
You kill the bullfrog!
Your Spellcasting skill increases to level 5!
Your Conjurations skill increases to level 5!
The bullfrog skeleton barely misses you.
Unknown command.
You hit the bullfrog skeleton. You grab the bullfrog skeleton.
The bullfrog skeleton is lightly damaged.
You constrict the bullfrog skeleton. The bullfrog skeleton hits you!
You die...
Your body crumbles into a pile of gold.

#......%...... $
#............
#..........#
#.........
#.......# #...#
##.5# ##Z# #@###
$ #.<.# #
#.#.####.#..#
#..........#
#######...##..##
#...####.....##
#...##.....##
#..........#
###....##..###


You could see a shadow imp and a bullfrog skeleton.

Vanquished Creatures
  Eustachio (D:5)
  An orc warrior (D:4)
  A centaur (D:5)
  An ogre (D:4)
  3 bullfrogs
  2 scorpions
  A crimson imp (D:7)
  4 orc priests
  3 orc wizards
  2 hounds
  Ijyb (D:4)
  An iguana (D:4)
  4 worker ants
  8 adders
  An ooze (D:4)
  An adder skeleton (D:5)
  A worm (D:3)
  A dart slug (D:1)
  3 leopard geckos
  18 orcs
  2 ball pythons
  11 bats
  5 giant cockroaches
  5 hobgoblins
  10 jackals
  4 quokkas
  5 frilled lizards
  7 goblins
  A jackal zombie (D:5)
  7 kobolds
  A leopard gecko zombie (D:6)
  A quokka skeleton (D:4)
117 creatures vanquished.

Notes
Turn   | Place    | Note
-------+----------+-------------------------------------------
     0 | D:1      | Hasart the Octopode Venom Mage began the quest for the Orb.
     0 | D:1      | Reached XP level 1. HP: 11/11 MP: 3/3
   236 | D:1      | Reached skill level 4 in Poison Magic
   236 | D:1      | Reached XP level 2. HP: 7/17 MP: 1/5
   526 | D:1      | Learned a level 2 spell: Poisonous Vapours
  1080 | D:1      | Reached XP level 3. HP: 17/21 MP: 6/6
  2700 | D:3      | Reached XP level 4. HP: 20/27 MP: 2/7
  2712 | D:3      | Learned a level 4 spell: Olgreb's Toxic Radiance
  2792 | D:3      | Reached skill level 5 in Poison Magic
  3448 | D:3      | Reached XP level 5. HP: 31/31 MP: 9/9
  3938 | D:4      | Noticed Ijyb
  3944 | D:4      | Reached skill level 6 in Poison Magic
  3944 | D:4      | Reached XP level 6. HP: 28/36 MP: 5/10
  3952 | D:4      | Killed Ijyb
  4692 | D:4      | Reached skill level 7 in Poison Magic
  4692 | D:4      | Reached XP level 7. HP: 37/41 MP: 7/12
  5446 | D:5      | Entered Level 5 of the Dungeon
  5474 | D:5      | Learned a level 3 spell: Mephitic Cloud
  5570 | D:5      | Noticed Eustachio
  5582 | D:5      | Killed Eustachio
  5582 | D:5      | Reached skill level 8 in Poison Magic
  5687 | D:5      | Reached XP level 8. HP: 26/46 MP: 11/14
  5950 | D:5      | Found a staircase to the Ecumenical Temple.
  5973 | Temple   | Entered the Ecumenical Temple
  6038 | Temple   | Became a worshipper of Gozag Ym Sagoz the Greedy
  6486 | D:6      | Noticed theanonym's ghost (novice SpAs)
  6750 | D:6      | Found a shimmering altar of Xom.
  6892 | D:6      | Reached skill level 9 in Poison Magic
  7147 | D:7      | Reached skill level 5 in Spellcasting
  7147 | D:7      | Reached skill level 5 in Conjurations
  7148 | D:7      | Slain by a bullfrog skeleton

Vault maps used:
D:1:      wheals_arrival_linesprint
D:3:      grunt_decor_arrowhead
D:4:      uniq_ijyb
D:5:      cheibrodos_helix_gallery, temple_fountains, first_bread,
          minmay_misc_feat_room, uniq_eustachio
D:6:      corexii_shack_village, lemuel_doored_altar, serial_park_tiny_1,
          uniq_menkaure
Temple:   dpeg_three_leaves_temple

Skill      XL: |  1  2  3  4  5  6  7  8 |
---------------+-------------------------+-----
Poison Magic   | 4 5 6 7 8 9 |  9.3
Conjurations   | 2 3 4 5 |  5.0
Spellcasting   | 3 4 5 |  5.0
Dodging        | |  2.0
Stealth        | |  2.6

Action                   |  1- 3 |  4- 6 |  7- 9 || total
-------------------------+-------+-------+-------++-------
Melee: Dagger            |    81 |    36 |       ||   117
       Constrict         |    18 |    23 |    18 ||    59
       Tentacles         |    14 |    11 |     9 ||    34
       Unarmed           |     4 |       |       ||     4
       Spear             |       |     8 |       ||     8
       War axe           |       |    50 |    64 ||   114
 Cast: Sting             |    10 |       |       ||    10
       Poisonous Vapours |     3 |    17 |    11 ||    31
       Olgreb's Toxic Ra |       |       |     5 ||     5
       Mephitic Cloud    |       |       |     2 ||     2
  Use: Scroll            |       |     3 |       ||     3
 Stab: Sleeping          |     7 |    11 |     8 ||    26
       Distracted        |       |       |     1 ||     1
  Eat: Chunk             |     3 |     3 |     6 ||    12
       Meat ration       |     1 |       |       ||     1
       Royal jelly       |       |       |     3 ||     3
Armor: Skin              |    20 |     3 |     4 ||    27
Dodge: Dodged            |    98 |    71 |    46 ||   215

Table legend:
 A = Spawn XP
 B = Non-spawn XP
 C = Spawn XP percentage of total XP
 D = Spawn monster count
 E = Non-spawn monster count
 F = Spawn count percentage of total count
 G = Total turns spent on level
                    A         B        C        D         E        F      G
               +---------+---------+-------+---------+---------+-------+---------
         Total |       0 |    1881 |   0.0 |       0 |     117 |   0.0 |  7148
               +---------+---------+-------+---------+---------+-------+---------
           D:1 |       0 |      34 |   0.0 |       0 |      19 |   0.0 |  1186
           D:2 |       0 |      41 |   0.0 |       0 |      10 |   0.0 |  1492
           D:3 |       0 |     195 |   0.0 |       0 |      37 |   0.0 |  1259
           D:4 |       0 |     581 |   0.0 |       0 |      21 |   0.0 |  1509
           D:5 |       0 |     525 |   0.0 |       0 |      12 |   0.0 |  1009
           D:6 |       0 |     299 |   0.0 |       0 |      14 |   0.0 |   424
           D:7 |       0 |     206 |   0.0 |       0 |       4 |   0.0 |   196
               +---------+---------+-------+---------+---------+-------+---------
